 Dungeon Crawl Stone Soup version 0.31-a0-1134-gb247575874 (webtiles) character file.

Game seed: 3510093199948431259

245 inmateoo the Insei (level 6, -10/30 HPs)
             Began as a Vine Stalker Shapeshifter on Dec 5, 2023.
             Killed by divine providence
             ... invoked by an orc priest
              (14 damage)
             ... on level 4 of the Dungeon.
             The game lasted 00:02:45 (2741 turns).

inmateoo the Insei (Vine Stalker Shapeshifter)      Turns: 2741, Time: 00:02:45

Health: -10/30     AC:  4    Str: 16    XL:     6   Next: 10%
Magic:  0/7        EV: 12    Int: 10    God:
Gold:   166        SH:  0    Dex: 16    Spells: 5/5 levels left

rFire   . .          .
                       - Unarmed
rCold   . . .        (no shield)
rNeg    . . .        k - +2 robe {Will+}
rPois   .            (helmet currently unavailable)
rElec   .            (cloak currently unavailable)
rCorr   .            (gloves currently unavailable)
SInv    .            (boots currently unavailable)
Will    +....        (no amulet)
Stlth   +            (no ring)
HPRegen 1.05/turn    (no ring)
MPRegen 0.10/turn

%: guardian spirit
@: beast-form
A: beast (slay +2), fangs 2, regeneration 1, magic shield, antimagic bite, no
potion heal 2
a: Begin Untransformation


You were on level 4 of the Dungeon.
You were a hulking beast.
You visited 1 branch of the dungeon, and saw 4 of its levels.

You collected 166 gold pieces.

Inventory:

Missiles
 m - 2 silver javelins
Armour
 k - a +2 robe of willpower (worn)
Jewellery
 l - an amulet of reflection
Talismans
 c - a beast talisman (active)
 d - a flux talisman
Wands
 i - a wand of polymorph (11)
Scrolls
 e - a scroll of fog
 g - 2 scrolls of enchant weapon
 n - a scroll of identify
Potions
 a - 2 potions of attraction {unknown}
 b - a potion of lignification
 f - a potion of degeneration {unknown}
 h - a potion of curing
 j - a potion of mutation


   Skills:
 + Level 2.2 Fighting
 + Level 1.5 Armour
 + Level 2.4 Dodging
 * Level 4.6 Unarmed Combat
 + Level 3.7 Shapeshifting


You had 5 spell levels left.
You didn't know any spells.
Your spell library contained the following spells:

 Spells                   Type           Power      Damage    Failure   Level
 Sandblast                Erth           0%         2d4       36%         1
 Passwall                 Tmut/Erth      0%         N/A       50%         2
 Static Discharge         Conj/Air       0%         3-3/arc   50%         2
 Stone Arrow              Conj/Erth      0%         3d7       75%         3
 Tukima's Dance           Hex            0%         N/A       75%         3
 Airstrike                Air            0%         2d(0-16)  98%         4
 Brom's Barrelling Bould  Conj/Erth      0%         2d3       98%         4
 Dimensional Bullseye     Hex/Tloc       0%         N/A       98%         4
 Iskenderun's Mystic Bla  Conj/Tloc      0%         2d3       98%         4
 Summon Lightning Spire   Summ/Air       0%         N/A       98%         4


Dungeon Overview and Level Annotations

Branches:
Dungeon (4/15)
 Temple: D:4-7

Altars:

Shops:
D:4 (

Annotations:
D:4 3 runed translucent doors, TheLordTroll's ghost, amateur MiFi


Innate Abilities, Weirdness & Mutations

You are a hulking beast.
Your limbs bulge with bestial killing power. (Slay +2)
You have extremely sharp teeth.
Your natural rate of healing is unusually fast.
When hurt, damage is shared between your health and your magic reserves.
Your bite disrupts and absorbs the magic of your enemies.
Potions cannot restore your health.


Message History

There are monsters nearby!
No reachable target in view!
No reachable target in view!
Something hits you but does no damage.
You hit the orc. You bite the orc.
You kill the orc!
Something hits you.
You hit the orc priest. Your bite misses the orc priest.
The orc priest is moderately wounded.
The orc priest completely misses you. Something hits you.
You barely miss the orc priest. Your bite misses the orc priest.
The orc priest is moderately wounded.
The orc priest barely misses you. Something hits you.
You hit the orc priest but do no damage.
You bite the orc priest. You drain its power.
You feel invigorated.
The orc priest is severely wounded.
The orc priest invokes the aid of Beogh against you.
Beogh smites you! Something hits you.
You are too injured to fight recklessly!
You are too injured to fight recklessly!
You are too injured to fight recklessly!
You barely miss the orc priest.
You punch the orc priest, but do no damage.
Your bite misses the orc priest.
The orc priest is severely wounded.
The orc priest closely misses you. Something hits you.
You hit the orc priest. You bite the orc priest. You drain its power.
You feel invigorated.
The orc priest is almost dead.
The orc priest mumbles some strange prayers to Beogh against you.
Beogh smites you!
* * * LOW HITPOINT WARNING * * *
Something hits you.
* * * LOW HITPOINT WARNING * * *
You barely miss the orc priest.
The orc priest is almost dead.
The orc complains loudly, as Orcs often do.
The orc priest mumbles some strange prayers to Beogh against you.
Beogh smites you!
You die...

#.# ##.## ##...##
##.....# #......#
......##... #)#
#o........ #.# ##h#
(.. #.8####### #.#
#..#o....8
###.#####..#o!##..
..(.......#oo#8..
#.#####..#oo##..#####
#........#.#o...#...#
#.###.#..+.#...[###.#
#.# #....+.#.8._#.#.#


You could see an orc priest and 6 orcs.

Vanquished Creatures
  Jessica (D:3)
  2 orc wizards (D:3)
  2 iguanas (D:3)
  3 adders
  2 dart slugs (D:2)
  3 worms (D:2)
  5 orcs
  7 bats
  2 endoplasms
  5 giant cockroaches
  2 hobgoblins (D:1)
  8 jackals
  5 kobolds
  2 quokkas (D:1)
  5 ball pythons
  2 frilled lizards
  9 goblins
  4 rats
69 creatures vanquished.

Notes
Turn   | Place    | Note
-------+----------+-------------------------------------------
     0 | D:1      | inmateoo the Vine Stalker Shapeshifter began the quest for
                  | the Orb.
     0 | D:1      | Reached XP level 1. HP: 9/9 MP: 2/2
    88 | D:1      | Reached skill level 1 in Fighting
   186 | D:1      | Reached XP level 2. HP: 12/14 MP: 1/3
   545 | D:1      | Reached XP level 3. HP: 18/18 MP: 4/4
  1057 | D:2      | Reached XP level 4. HP: 22/22 MP: 5/5
  1880 | D:3      | Reached skill level 1 in Armour
  1880 | D:3      | Reached skill level 4 in Unarmed Combat
  1967 | D:3      | Reached XP level 5. HP: 26/26 MP: 4/6
  2299 | D:3      | Found a faded altar of an unknown god.
  2301 | D:3      | Noticed Jessica
  2343 | D:3      | Killed Jessica
  2344 | D:3      | Reached XP level 6. HP: 30/30 MP: 7/7
  2625 | D:4      | Found Xiramun's Firing Range.
  2721 | D:4      | Found a runed translucent gate.
  2722 | D:4      | Found a runed translucent gate.
  2723 | D:4      | Found a runed translucent gate.
  2725 | D:4      | Noticed TheLordTroll's ghost (amateur MiFi)
  2741 | D:4      | Killed from afar by an orc priest

Illustrated notes

Levels and vault maps discovered:
D:1:      moated_graveyard_arrival, layout_basic, minmay_split_cup_small
D:2:      layout_basic, serial_forest, infiniplex_forest_clump_double,
          infiniplex_forest_clump_long, infiniplex_forest_lined_room_2,
          infiniplex_forest_pool, infiniplex_forest_straight_2,
          infiniplex_forest_lined_2, infiniplex_forest_end_1,
          infiniplex_forest_straight_1, infiniplex_forest_lined_4_way
D:3:      layout_loops_ring, basic_ecumenical_altar, corexii_hall_statues_x,
          uniq_jessica
D:4:      layout_loops_ring, biasface_ghost_orc_armoury,
          nicolae_shop_firing_range

Skill      XL: |  1  2  3  4  5 |
---------------+----------------+-----
Fighting       | 1 2 |  2.2
Dodging        | 2 |  2.4
Armour         | 1 |  1.5
Unarmed Combat | 4 |  4.6
Shapeshifting  | |  3.7

Action                     |  1- 3 |  4- 6 || total
---------------------------+-------+-------++-------
  Melee: Unarmed           |   100 |    80 ||   180
         Bite              |    16 |    28 ||    44
         Punch             |     1 |     5 ||     6
    Use: Scroll            |       |     8 ||     8
   Stab: Sleeping          |       |     4 ||     4
 Armour: Animal skin       |    14 |       ||    14
         Leather armour    |    42 |    25 ||    67
         Robe              |       |     8 ||     8
  Dodge: Dodged            |    72 |    33 ||   105
   Form: Beast             |     1 |       ||     1

Table legend: (Time is in decaauts)
 A = Elapsed time spent in this place.
 B = Non-inter-level travel time spent in this place.
 C = Inter-level travel time spent in this place.
 D = Time resting spent in this place.
 E = Time spent auto-exploring this place.
 F = Levels seen in this place.
 G = Mean time per level.
                   A        B        C        D        E       F      G
               +--------+--------+--------+--------+--------+-----+--------+
         Total |   2730 |   2662 |     68 |    250 |   1927 |   4 |  682.5 |
       Dungeon |   2730 |   2662 |     68 |    250 |   1927 |   4 |  682.5 |
               +--------+--------+--------+--------+--------+-----+--------+

Top non-repeatable levels by time:
     D:2: 1027 daAuts
     D:1: 779 daAuts
     D:3: 674 daAuts
     D:4: 248 daAuts
